Map: Temple gelé

Players

zidar

  • Race: Zerg Zerg
  • League: Platinum
  • Spawn Location: 11:00

king - Winner!

  • Race: Zerg Zerg
  • League: Silver
  • Spawn Location: 5:00

VOD

Have the link to the VOD?

Description

Time

  • Played on: Nov. 18, 2016, 11:01 a.m.
  • Length: 5:48
Show
View Real Time Build Order
Export as new Build Order

zidar Zerg 

Build Orders: Pool First 

Get SALT Encoding   

  12  0:01  Drone  
  13  0:13  Overlord  
  13  0:18  Drone  
  14  0:31  Drone x2  
  16  0:51  Spawning Pool  
  16  0:53  Extractor, Drone  
  16  0:57  Drone  
  16  1:14  Overlord  
  16  1:29  Hatchery  
  15  1:38  Zergling x2  
  15  1:39  Zergling x2  
  17  1:44  Zergling x2  
  18  1:53  Metabolic Boost  
  18  2:01  Zergling x2  
  19  2:10  Zergling x2  
  19  2:11  Queen  
  22  2:43  Drone  
  22  2:55  Zergling x6  
  24  3:00  Spine Crawler  
  22  3:12  Zergling x6  
  21  3:44  Drone  
  21  3:45  Zergling x2  
  21  3:55  Zergling x6  
  20  4:18  Baneling Nest  
  19  4:31  Zergling x6  
  22  4:42  Roach Warren  
  22  4:43  Drone  
  23  4:45  Zergling x2  
  23  4:46  Zergling x4  
  25  5:18  Baneling  
  25  5:19  Baneling x5  
  25  5:21  Overlord x2  
  25  5:22  Overlord  
Show
View Real Time Build Order
Export as new Build Order

king Zerg - Winner!

Build Orders: Hatch First 

Get SALT Encoding   

  12  0:01  Drone  
  13  0:08  Drone  
  14  0:15  Extractor  
  14  0:16  Drone  
  15  0:22  Overlord  
  15  0:41  Drone x2  
  17  0:47  Drone  
  18  1:00  Hatchery  
  17  1:13  Spawning Pool  
  17  1:15  Extractor  
  17  1:18  Drone  
  16  1:28  Drone  
  17  1:40  Drone  
  17  1:41  Overlord, Drone  
  19  2:00  Queen, Zergling x2  
  22  2:04  Zergling x2  
  23  2:12  Queen  
  25  2:18  Zergling x4  
  24  2:39  Spine Crawler  
  24  2:40  Zergling x8  
  24  2:43  Queen  
  27  2:55  Zergling x6  
  26  3:08  Zergling x6  
  29  3:20  Metabolic Boost  
  29  3:23  Overlord  
  28  3:40  Zergling x8  
  25  3:52  Queen  
  24  4:16  Baneling Nest  
  23  4:19  Queen  
  25  4:40  Zergling x8  
  29  4:50  Drone x2  
  29  4:51  Drone  
  32  4:56  Overlord  
  32  4:59  Roach Warren  
  31  5:09  Drone  
  31  5:10  Drone x2  
  31  5:13  Baneling x2  
  34  5:14  Baneling  
  34  5:22  Drone x2  
  34  5:28  Zergling x2  
  37  5:35  Spine Crawler  
Tags
 
Add a new tag
Caveats
  • Supply blocks, unpowered buildings, or Contaminate may cause inaccurate times.
  • Supply counts are checked every 10 seconds.